AoeStats
← DKing

Black Forest

510298167Analyzed
4v4 RM · 13h ago on Sep 30, 2026· 59m 19s· 8 players
Game mode
Random Map
Map size
Large (8 player)
Population
200
Speed
Normal
Resources
Standard
Victory
Conquest
Starting age
Dark Age
Ending age
Imperial Age
RankedLock teamsTeams togetherTeam positionsShared explorationLock speedFull tech treeHidden civsTurbo modeCheats
Victory
Defeat
🇨🇳 Armenians · China
1322
+14
🇪🇸 Turks · Spain
1312
+14
🇨🇳 Spanish · China
1310
+14
🇵🇹 Khmer · Portugal
1241
+16
🇮🇳 Vikings · India
1280
-15
🇭🇰 Vietnamese · Hong Kong SAR China
1277
-15
🇨🇳 Persians · China
1258
-14
🇨🇳 Byzantines · China
1255
-14
Øa10ŚūnyaØx
1:30 Loom
11:51 Feudal Age
17:35 Fletching
24:34 Castle Age
22:38 Stone Mining
22:31 Horse Collar
23:55 Gold Mining
24:09 Double-Bit Axe
25:35 Bodkin Arrow
27:29 Crossbowman
36:26 Imperial Age
34:39 Padded Archer Armor
37:17 Bracer
37:42 Conscription
37:22 Arbalester
38:19 Leather Archer Armor
38:44 Ballistics
39:25 Chemistry
40:05 Ring Archer Armor
41:05 Bow Saw
41:46 Gold Shaft Mining
41:52 Heavy Plow
41:50 Town Watch
44:17 Two-Man Saw
44:34 Treadmill Crane
45:05 Masonry
44:42 Arrowslits
45:43 Bogsveigar
46:07 Town Patrol
46:59 Conscription
47:59 Pikeman
48:40 Squires
49:38 Scale Mail Armor
49:48 Forging
50:10 Arson
50:42 Chain Mail Armor
50:37 Chieftains
52:50 Plate Mail Armor
52:56 Iron Casting
55:29 Elite Varangian Guard
Jso
11:34 Feudal Age
12:12 Double-Bit Axe
12:11 Horse Collar
16:52 Castle Age
15:29 Bloodlines
16:35 Scale Barding Armor
20:20 Loom
23:14 Bow Saw
25:15 Wheelbarrow
25:34 Fishing Lines
27:14 Hand Cart
27:42 Gillnets
28:05 Town Watch
32:01 Imperial Age
29:42 Husbandry
30:08 Gold Mining
30:08 Stone Mining
31:05 Ballistics
30:49 Heavy Plow
30:50 Squires
31:12 Chain Barding Armor
31:03 Forging
34:03 Two-Man Saw
32:38 Elite Battle Elephant
34:51 Chemistry
35:15 Plate Barding Armor
35:26 Crop Rotation
35:55 Iron Casting
37:10 Onager
38:47 Capped Ram
38:52 Light Cavalry
46:00 Caravan
46:47 Chatras
53:03 Scale Mail Armor
52:53 Fletching
53:36 Paper Money
57:22 Chain Mail Armor
57:02 Bodkin Arrow
蔡鳥
12:31 Feudal Age
14:20 Double-Bit Axe
16:38 Castle Age
16:00 Gold Mining
18:08 Bow Saw
23:41 Forging
24:44 Horse Collar
26:07 Wheelbarrow
25:42 Fishing Lines
27:17 Iron Casting
28:03 Gold Shaft Mining
27:26 Gillnets
28:31 Heavy Plow
29:37 Scale Barding Armor
29:22 Loom
29:52 Hand Cart
30:11 Husbandry
34:54 Imperial Age
33:44 Chain Barding Armor
35:25 Padded Archer Armor
36:28 Plate Barding Armor
35:17 Heavy Camel Rider
36:22 Leather Archer Armor
37:10 Chemistry
36:30 Ballistics
37:08 Conscription
37:39 Fletching
40:49 Two-Man Saw
41:00 Thumb Ring
41:35 Ring Archer Armor
41:00 Bodkin Arrow
40:54 Elite Skirmisher
43:24 Crop Rotation
42:33 Imperial Skirmisher
44:28 Bracer
53:01 Light Cavalry
54:00 Caravan
55:06 Hussar
Hsaheyhd
1:48 Loom
28:27 Feudal Age
28:55 Double-Bit Axe
28:51 Horse Collar
29:52 Wheelbarrow
36:33 Castle Age
37:19 Hand Cart
37:15 Bow Saw
37:12 Heavy Plow
37:23 Bow Saw
45:55 Imperial Age
43:45 Hand Cart
44:21 Stone Mining
44:21 Gold Mining
46:01 Fletching
46:13 Crossbowman
48:10 Bodkin Arrow
48:16 Padded Archer Armor
50:20 Kamandaran
50:58 Thumb Ring
52:03 Two-Man Saw
52:01 Crop Rotation
56:25 Pikeman
56:50 Gambesons
57:06 Squires
56:52 Arson
57:35 Leather Archer Armor
58:15 Halberdier
58:41 Gambesons
58:58 Scale Mail Armor
59:08 Forging
wuyu
1:04 Loom
14:16 Feudal Age
19:57 Horse Collar
26:48 Castle Age
25:31 Double-Bit Axe
30:23 Husbandry
31:37 Bloodlines
33:25 Heavy Plow
34:13 Wheelbarrow
34:52 Ballistics
39:30 Gold Mining
41:21 Stone Mining
43:35 Scale Barding Armor
43:41 Forging
44:18 Bow Saw
46:28 Chain Barding Armor
46:44 Iron Casting
47:21 Fishing Lines
51:42 Imperial Age
51:39 Stone Shaft Mining
52:47 Conscription
52:51 Supremacy
51:52 Elite Conquistador
53:10 Plate Barding Armor
53:36 Blast Furnace
51:59 Cavalier
55:05 Hand Cart
56:09 Caravan
DKing
6:58 Loom
11:56 Feudal Age
12:40 Double-Bit Axe
15:40 Castle Age
13:58 Horse Collar
18:16 Bow Saw
20:40 Fishing Lines
22:10 Wheelbarrow
24:59 Heavy Plow
26:16 Hand Cart
26:20 Gold Mining
29:43 Imperial Age
27:59 Town Watch
28:15 Stone Mining
28:59 Fletching
30:18 Bodkin Arrow
30:49 Conscription
31:02 Bracer
30:51 Light Cavalry
31:41 Bloodlines
31:32 Husbandry
31:44 Scale Barding Armor
32:56 Padded Archer Armor
33:16 Chain Barding Armor
33:08 Forging
33:43 Ballistics
34:24 Chemistry
33:35 Double Crossbow
33:56 Caravan
34:24 Leather Archer Armor
33:46 Pikeman
34:35 Elite Ballista Elephant
36:04 Iron Casting
36:41 Gold Shaft Mining
37:10 Hussar
38:18 Halberdier
41:29 Blast Furnace
40:38 Siege Engineers
40:43 Masonry
40:55 Tusk Swords
40:34 Elite Battle Elephant
42:30 Plate Barding Armor
42:41 Hoardings
44:39 Scale Mail Armor
46:28 Crop Rotation
54:50 Fortified Wall
54:36 Murder Holes
57:01 Chain Mail Armor
59:43 Ring Archer Armor
Hakka
10:03 Feudal Age
10:04 Man-at-Arms
10:32 Arson
11:05 Long Swordsman
13:56 Forging
13:47 Scale Mail Armor
14:01 Loom
19:36 Horse Collar
26:12 Wheelbarrow
29:39 Castle Age
28:24 Stone Mining
28:21 Double-Bit Axe
29:23 Fishing Lines
35:59 Imperial Age
33:39 Fletching
33:51 Padded Archer Armor
34:17 Gold Mining
34:40 Bow Saw
34:34 Bodkin Arrow
35:21 Chain Mail Armor
35:38 Gillnets
35:55 Two-Handed Swordsman
36:21 Gambesons
36:37 Squires
37:14 Iron Casting
37:11 Caravan
38:15 Plate Mail Armor
39:16 Blast Furnace
39:54 Gold Shaft Mining
41:07 Conscription
40:34 Elite Composite Bowman
41:23 Fereters
41:37 Champion
42:00 Elite Composite Bowman
46:25 Capped Ram
47:48 Hand Cart
47:59 Siege Ram
49:04 Leather Archer Armor
48:41 Town Watch
49:18 Guilds
50:56 Chemistry
50:18 Ballistics
50:11 Masonry
49:43 Treadmill Crane
56:36 Bracer
57:07 Ring Archer Armor
Coldazzzn
3:47 Loom
12:06 Feudal Age
15:52 Castle Age
13:59 Double-Bit Axe
28:53 Wheelbarrow
28:44 Husbandry
31:27 Forging
31:23 Scale Barding Armor
35:32 Imperial Age
33:35 Stone Mining
33:35 Gold Mining
35:21 Bow Saw
36:24 Padded Archer Armor
36:12 Elite Janissary
37:12 Conscription
36:53 Artillery
37:27 Horse Collar
39:38 Leather Archer Armor
41:25 Fletching
42:13 Ring Archer Armor
48:20 Hand Cart
48:03 Bodkin Arrow
49:32 Hoardings
49:34 Iron Casting
49:02 Bracer
49:14 Masonry
48:44 Treadmill Crane
49:26 Ballistics
51:09 Architecture
54:20 Gold Shaft Mining
57:00 Two-Man Saw
Connection lost

Rejoining the realm…

Still unreachable

The connection could not be restored.

Session expired

The server has moved on; the page needs a fresh start.